 Dungeon Crawl Stone Soup version 0.21-a0-314-gb3271ec (webtiles) character file.

2839 tilp the Arsonist (level 9, -7/62 HPs)
             Began as a Hill Orc Fire Elementalist on Sept 29, 2017.
             Was an Initiate of Okawaru.
             Shot with an arrow by a centaur (9 damage)
             ... on level 7 of the Dungeon.
             The game lasted 00:28:42 (8589 turns).

tilp the Arsonist (Hill Orc Fire Elementalist)      Turns: 8589, Time: 00:28:44

Health: -7/62      AC:  2    Str: 13    XL:     9   Next: 74%
Magic:  10/18      EV: 12    Int: 18    God:    Okawaru [......]
Gold:   291        SH:  0    Dex: 11    Spells: 5/20 levels left

rFire    . . .     SeeInvis .   O - +6 rapier "Koxzuit" {venom, +Inv rPois Str+4}
rCold    . . .     Gourm    .   (no shield)
rNeg     . . .     Faith    .   o - +0 robe
rPois    +         Spirit   .   (helmet restricted)
rElec    .         Reflect  .   (no cloak)
rCorr    .         Harm     .   y - +0 pair of gloves
MR       +....                  (no boots)
Stlth    ++........             (no amulet)
HPRegen  0.20/turn              (no ring)
MPRegen  0.16/turn              (no ring)

@: no status effects
A: horns 1, deformed body, magic resistance 1, weak 1, subdued magic 1
a: Renounce Religion, Evoke Invisibility


You were on level 7 of the Dungeon.
You worshipped Okawaru.
Okawaru was noncommittal.
You were not hungry.

You visited 2 branches of the dungeon, and saw 8 of its levels.
You also visited: Sewer and Ossuary.

You collected 343 gold pieces.
You spent 52 gold pieces at shops.

Inventory:

Hand Weapons
 a - a +2 short sword of speed
 b - a +0 hunting sling
 e - a +0 dagger of venom
 z - a +0 war axe
 I - a cursed -1 spear
 O - the +6 rapier "Koxzuit" (weapon) {venom, +Inv rPois Str+4}
   (You found it on level 5 of the Dungeon)

   It poisons the flesh of those it strikes.
   It affects your strength (+4).
   It protects you from poison.
   It lets you turn invisible.
Missiles
 B - 43 sling bullets
 F - 8 tomahawks (quivered)
Armour
 d - a +1 ring mail of poison resistance
 o - a +0 robe (worn)
 y - a +0 pair of gloves (worn)
 N - a +1 helmet
Jewellery
 A - an uncursed ring of stealth {unknown}
 Q - an uncursed ring of positive energy {unknown}
 T - a cursed amulet of inaccuracy {unknown}
Wands
 J - a wand of iceblast (13/15)
Scrolls
 j - 4 scrolls of teleportation
 l - 4 scrolls of recharging
 m - a scroll of blinking {unknown}
 p - a scroll of fog {unknown}
 q - 2 scrolls of enchant armour {unknown}
 t - 2 scrolls of amnesia {unknown}
 u - 2 scrolls of noise {unknown}
 x - 4 scrolls of remove curse
 E - 5 scrolls of immolation
 K - a scroll of acquirement {unknown}
 P - a scroll of brand weapon {unknown}
Potions
 f - 2 potions of might
 g - a potion of magic {unknown}
 i - 4 potions of agility
 k - 3 potions of mutation {unknown}
 r - 2 potions of brilliance
 s - 5 potions of flight
 w - a potion of invisibility {unknown}
 C - 2 potions of haste {unknown}
 G - 9 potions of degeneration {unknown}
 L - 2 potions of heal wounds {unknown}
 M - 3 potions of curing {unknown}
 R - a potion of lignification {unknown}
Books
 v - a book of Maledictions

   Spells                             Type                      Level
   a - Corona                         Hexes                        1
   b - Ensorcelled Hibernation        Hexes/Ice                    2
   c - Confuse                        Hexes                        3
   d - Tukima's Dance                 Hexes                        3
   e - Dazzling Spray                 Conjuration/Hexes            3
 D - a book of Flames

   Spells                             Type                      Level
   a - Flame Tongue                   Conjuration/Fire             1
   b - Throw Flame                    Conjuration/Fire             2
   c - Conjure Flame                  Conjuration/Fire             3
   d - Inner Flame                    Hexes/Fire                   3
   e - Sticky Flame                   Conjuration/Fire             4
   f - Fireball                       Conjuration/Fire             5
Comestibles
 c - 4 bread rations
 h - 4 royal jellies
 n - a meat ration
 H - 5 fruits


   Skills:
 - Level 1.5 Dodging
 - Level 1.5 Stealth
 + Level 6.1 Spellcasting
 + Level 7.6 Conjurations
 + Level 8.7 Fire Magic


You had 5 spell levels left.
You knew the following spells:

 Your Spells              Type           Power        Failure   Level  Hunger
a - Flame Tongue          Conj/Fire      ####.        1%          1    None
b - Throw Flame           Conj/Fire      ####..       1%          2    None
c - Conjure Flame         Conj/Fire      ####....     1%          3    ##.....
d - Sticky Flame          Conj/Fire      ####....     3%          4    ####...
e - Fireball              Conj/Fire      ####......   9%          5    #####..


Dungeon Overview and Level Annotations

Branches:
Dungeon (7/15)             Temple (1/1) D:6

Altars:
Ashenzari
Cheibriados
Dithmenos
Elyvilon
Fedhas
Gozag
Hepliaklqana
Kikubaaqudgha
Makhleb
Nemelex Xobeh
Okawaru
Qazlal
Ru
Sif Muna
Trog
Uskayaw
Vehumet
Xom
Zin
The Shining One

Shops:
D:5 *   D:6 }*

Annotations:
D:2 1 runed door
D:4 sealed vault w quasits
D:5 Ijyb, Sigmund


Innate Abilities, Weirdness & Mutations

You have a pair of small horns on your head.
Armour fits poorly on your strangely shaped body.
You are resistant to hostile enchantments. (MR+)
You are weak. (Str -2)
Your spells are a little easier to cast, but a little less powerful.


Message History

Confirm with . or Enter, or press ? or * to list all spells.
Aiming: Throw Flame
Press: ? - help, Shift-Dir - straight line, f/p - centaur
Aim: a centaur, wielding a shortbow (moderately wounded)
The puff of flame hits the centaur.
The centaur is moderately wounded.
The centaur shoots an arrow.
The arrow hits you!
* * * LOW HITPOINT WARNING * * *
Okay, then.
Aiming: Iceblast (will waste charges)
Press: ? - help, Shift-Dir - straight line, f/p - centaur
Aim: a centaur, wielding a shortbow (moderately wounded)
The mass of ice explodes!
The iceblast engulfs the centaur.
The centaur is almost dead.
Evoking this partially-identified wand wasted a few charges.
You hear a shout!
The centaur shoots an arrow.
The arrow hits you!
* * * LOW HITPOINT WARNING * * *
The centaur shoots an arrow.
The arrow hits you!
You die...

..#. #.# ##.##.. #....
##.## #.##.. #...
##...## #.....
##...####.....####.....
#......................
#..........####......
#......##.#.........
##..(..........#..#
#@###.##..#.......
#.?.(.c..####..###
#..##....## #...##
#.##......# .... .. #.
#.###..##...# # #. ..
...#.# # $?### #..c. #
#. #... ...


You could see a centaur.

Vanquished Creatures
  A two-headed ogre (D:5)
  Edmund (D:5)
  A water moccasin (D:6)
  A phantom (D:4)
  2 ice beasts (D:6)
  A sky beast (D:7)
  A centaur (D:5)
  3 ogres
  A big kobold (Sewer)
  A bullfrog (D:6)
  Blork the orc (D:5)
  3 wights (D:7)
  A crimson imp (D:6)
  A centaur zombie (Ossuary)
  3 hounds
  A jelly (D:5)
  A bullfrog skeleton (D:6)
  A human zombie (Ossuary)
  3 orc priests
  2 orc wizards
  4 worker ants
  A killer bee zombie (D:5)
  A hound zombie (D:5)
  6 mummies (Ossuary)
  A worker ant zombie (D:6)
  2 gnolls (D:2)
  2 river rats (Sewer)
  12 adders
  A shadow imp (D:6)
  2 oozes
  2 adder zombies (D:6)
  4 worms
  3 dart slugs
  4 leopard geckos
  21 orcs
  A ball python (D:6)
  6 giant cockroaches
  3 gnoll zombies (Ossuary)
  11 goblins
  7 hobgoblins
  16 jackals
  12 kobolds
  2 quokkas (D:3)
  4 bats
  5 frilled lizards
  A goblin zombie (Ossuary)
  A hobgoblin zombie (Ossuary)
  A leopard gecko skeleton (D:6)
  An orc zombie (Ossuary)
  A quokka skeleton (D:4)
  9 rats
177 creatures vanquished.

Notes
Turn   | Place    | Note
-------+----------+-------------------------------------------
     0 | D:1      | tilp the Hill Orc Fire Elementalist began the quest for the Orb.
     0 | D:1      | Reached XP level 1. HP: 14/14 MP: 3/3
    64 | D:1      | Reached XP level 2. HP: 13/20 MP: 4/4
   497 | D:1      | Reached XP level 3. HP: 19/26 MP: 5/5
   501 | D:1      | Learned a level 2 spell: Throw Flame
   598 | D:1      | Learned a level 3 spell: Conjure Flame
  1553 | D:2      | Reached skill level 4 in Fire Magic
  1597 | D:2      | Found a runed door.
  1727 | D:2      | Reached XP level 4. HP: 26/33 MP: 4/7
  1751 | D:2      | Found a sparkling altar of Nemelex Xobeh.
  1768 | D:2      | Found a bloodstained altar of Trog.
  1979 | D:2      | Found an ancient bone altar of Kikubaaqudgha.
  2207 | D:2      | Reached XP level 5. HP: 16/38 MP: 1/8
  2597 | D:3      | Found a shattered altar of Ashenzari.
  3738 | D:4      | Noticed an ogre
  3753 | D:4      | Killed an ogre
  3753 | D:4      | Reached skill level 5 in Fire Magic
  3753 | D:4      | Reached XP level 6. HP: 35/45 MP: 0/10
  3759 | D:4      | Learned a level 4 spell: Sticky Flame
  3769 | D:4      | Noticed a phantom
  3902 | D:4      | Killed a phantom
  4107 | D:4      | Reached XP level 7. HP: 50/50 MP: 4/12
  4803 | D:5      | Entered Level 5 of the Dungeon
  4803 | D:5      | Found Ysugug's Assorted Antiques.
  4915 | D:5      | Noticed a two-headed ogre
  4923 | D:5      | Killed a two-headed ogre
  4923 | D:5      | Reached skill level 5 in Conjurations
  4923 | D:5      | Reached skill level 7 in Fire Magic
  4923 | D:5      | Reached XP level 8. HP: 23/57 MP: 2/15
  5027 | D:5      | Found a glowing drain.
  5056 | Sewer    | Entered a sewer
  5275 | Sewer    | Found a white marble altar of Elyvilon.
  5533 | D:5      | Found a white marble altar of Elyvilon.
  5581 | D:5      | Noticed Ijyb
  5689 | D:5      | Reached skill level 5 in Spellcasting
  5735 | D:5      | Learned a level 5 spell: Fireball
  6002 | D:5      | Noticed Blork the orc
  6026 | D:5      | Killed Blork the orc
  6046 | D:5      | Noticed Sigmund
  6102 | D:5      | Got an ivory rapier
  6114 | D:5      | Identified the +6 rapier "Koxzuit" {venom, +Inv rPois Str+4} (You found it on level 5 of the Dungeon)
  6353 | D:5      | Noticed Edmund
  6375 | D:5      | Reached XP level 9. HP: 62/62 MP: 11/16
  6523 | D:5      | Killed Edmund
  6987 | D:6      | Found Hiwnunne's Gadget Shoppe.
  6996 | D:6      | Reached skill level 8 in Fire Magic
  7036 | D:6      | Found a sand-covered staircase.
  7103 | Ossuary  | Entered an ossuary
  7654 | D:6      | Found a staircase to the Ecumenical Temple.
  7663 | Temple   | Entered the Ecumenical Temple
  7690 | Temple   | Became a worshipper of Warmaster Okawaru
  7894 | D:6      | Found Jauzazax's Assorted Antiques.
  7899 | D:6      | Bought a scroll of identify for 52 gold pieces
  7948 | D:6      | Found a glowing golden altar of the Shining One.
  8557 | D:7      | Gained mutation: You are resistant to hostile enchantments. (MR+) [mutagenic meat]
  8558 | D:7      | Gained mutation: You are weak. (Str -2) [mutagenic meat]
  8559 | D:7      | Gained mutation: Armour fits poorly on your strangely shaped body. [mutagenic meat]
  8561 | D:7      | Gained mutation: Your spells are a little easier to cast, but a little less powerful. [mutagenic meat]
  8562 | D:7      | Gained mutation: You have a pair of small horns on your head. [mutagenic meat]
  8589 | D:7      | HP: 2/62 [centaur/arrow (8)]
  8589 | D:7      | Shot with an arrow by a centaur

Vault maps used:
D:1:      dpeg_arrival_arbitrary_a
D:2:      lemuel_round_altar, old_standard_altar, lemuel_doored_altar,
          first_bread, minivault_24, uniq_crazy_yiuf_cottage
D:3:      evilmike_ruin_ashenzari
D:4:      cheibrodos_quashed, kennysheep_generic_room_7
D:5:      kennysheep_ying_yang, portal_sewer_entry_a, serial_shops,
          shop_fountains, uniq_sigmund, uniq_blork_the_orc, uniq_edmund,
          uniq_ijyb
D:6:      lemuel_coloured_pillars_altar, minmay_temple_entry_statues_pillars,
          lightli_ossuary_entry_decrepit_ruins, serial_shops, shop,
          kennysheep_little_box
D:7:      cheibrodos_barr_body, lemuel_crystal_altar, serial_glass,
          glass_columns_a, glass_columns_a, st_stairs_11
Temple:   regret_index_temple_waves
Sewer:    sewer_kobolds
Ossuary:  ossuary_crypta

Skill      XL: |  1  2  3  4  5  6  7  8  9 |
---------------+----------------------------+-----
Spellcasting   | 2 3 4 5 6 |  6.1
Conjurations   | 2 3 4 5 6 7 |  7.6
Fire Magic     | 4 5 7 8 |  8.7
Dodging        | |  1.5
Stealth        | |  1.5

Action                   |  1- 3 |  4- 6 |  7- 9 || total
-------------------------+-------+-------+-------++-------
Melee: Club              |    22 |       |       ||    22
       Spear             |    44 |       |       ||    44
       Short sword       |    35 |   135 |   103 ||   273
       Rapier            |       |       |   111 ||   111
 Fire: Hunting sling     |       |    33 |     3 ||    36
 Cast: Flame Tongue      |    24 |    45 |    91 ||   160
       Conjure Flame     |     1 |     4 |    11 ||    16
       Throw Flame       |       |     2 |    18 ||    20
       Sticky Flame      |       |       |    10 ||    10
Evoke: Wand              |       |       |     1 ||     1
  Use: Scroll            |     1 |       |    11 ||    12
       Potion            |       |       |     1 ||     1
 Stab: Sleeping          |     2 |     2 |     2 ||     6
       Distracted        |       |       |     1 ||     1
  Eat: Chunk             |     3 |     8 |    14 ||    25
       Meat ration       |       |       |     2 ||     2
Armor: Robe              |    13 |    17 |    28 ||    58
Dodge: Dodged            |    68 |    58 |   117 ||   243

Table legend:
 A = Spawn XP
 B = Non-spawn XP
 C = Spawn XP percentage of total XP
 D = Spawn monster count
 E = Non-spawn monster count
 F = Spawn count percentage of total count
 G = Total turns spent on level
                    A         B        C        D         E        F      G
               +---------+---------+-------+---------+---------+-------+---------
         Total |       0 |    4056 |   0.0 |       0 |     177 |   0.0 |  8589
               +---------+---------+-------+---------+---------+-------+---------
           D:1 |       0 |      60 |   0.0 |       0 |      27 |   0.0 |  1334
           D:2 |       0 |     107 |   0.0 |       0 |      21 |   0.0 |  1154
           D:3 |       0 |      76 |   0.0 |       0 |      27 |   0.0 |  1169
           D:4 |       0 |     509 |   0.0 |       0 |      20 |   0.0 |  1146
           D:5 |       0 |    1751 |   0.0 |       0 |      33 |   0.0 |  1829
           D:6 |       0 |     858 |   0.0 |       0 |      16 |   0.0 |   766
           D:7 |       0 |     353 |   0.0 |       0 |       9 |   0.0 |   258
         Sewer |       0 |     140 |   0.0 |       0 |      10 |   0.0 |   264
       Ossuary |       0 |     202 |   0.0 |       0 |      14 |   0.0 |   549
               +---------+---------+-------+---------+---------+-------+---------
